 Dungeon Crawl Stone Soup version 0.27-a0-1202-ge72e49191c (webtiles) character file.

Game seed: 17279953501557681407

58 kae the Skirmisher (level 3, 0/30 HPs)
             Began as a Demonspawn Abyssal Knight on June 3, 2021.
             Was a Believer of Lugonu.
             Succumbed to an adder's poison
             ... on level 3 of the Dungeon.
             The game lasted 00:01:49 (2412 turns).

kae the Skirmisher (Demonspawn Abyssal Knight)      Turns: 2412, Time: 00:01:49

Health: 0/30       AC:  5    Str: 12 (13) XL:     3   Next: 75%
Magic:  4/4        EV: 11    Int: 12 (13) God:    Lugonu [**....]
Gold:   99         SH:  0    Dex: 11 (12) Spells: 2/2 levels left

rFire    . . .     SeeInvis .   a - +1 falchion
rCold    . . .     Faith    .   (no shield)
rNeg     . . .     Spirit   .   b - +1 leather armour
rPois    .         Reflect  .   (no helmet)
rElec    .         Harm     .   (no cloak)
rCorr    .         Rampage  .   (no gloves)
Will     .....                  (no boots)
Stlth    +.........             (no amulet)
HPRegen  0.10/turn              (no ring)
MPRegen  0.09/turn              (no ring)

@: lethally poisoned (0 -> -6)
A: sharp scales 1
a: Renounce Religion, Depart the Abyss, Bend Space


You were on level 3 of the Dungeon.
You worshipped Lugonu.
Lugonu was pleased with you.
You visited 1 branch of the dungeon, and saw 3 of its levels.
You visited the Abyss 1 time.

You collected 99 gold pieces.

Inventory:

Hand Weapons
 a - a +1 falchion (weapon)
Armour
 b - a +1 leather armour (worn)
Jewellery
 c - a +4 ring of protection
 g - a ring of ice
Scrolls
 f - a scroll of amnesia {unknown}
 j - 4 scrolls of teleportation
Potions
 d - 2 potions of attraction
 h - a potion of magic {unknown}
 i - a potion of heal wounds {unknown}
 k - a potion of flight {unknown}
 l - a potion of might {unknown}


   Skills:
 + Level 3.9 Fighting
 + Level 2.9 Long Blades
 - Level 1.7 Armour
 - Level 0.8 Dodging
 - Level 2.4 Invocations


You had 2 spell levels left.
You didn't know any spells.
Your spell library contained the following spells:

 Spells                   Type           Power      Damage    Failure   Level
 Magic Dart               Conj           0%         1d3       38%         1
 Shock                    Conj/Air       0%         1d3       38%         1
 Static Discharge         Conj/Air       0%         N/A       54%         2
 Dazzling Flash           Conj/Hex       0%         N/A       77%         3
 Swiftness                Air            0%         N/A       77%         3
 Airstrike                Air            0%         N/A       99%         4
 Hailstorm                Conj/Ice       0%         3d3       99%         4
 Iskenderun's Battlesphe  Conj           0%         2d6       100%        5
 Lightning Bolt           Conj/Air       0%         1d11      100%        5
 Spellforged Servitor     Conj/Summ      0%         N/A       100%        7


Dungeon Overview and Level Annotations

Branches:
Dungeon (3/15)

Altars:
Hepliaklqana

Shops:
D:1 (


Innate Abilities, Weirdness & Mutations

You are partially covered in razor-sharp scales. (AC +1, Slay +1)


Message History

A gnoll comes into view. It is wielding a +0 spear.
The gnoll shouts!
You hit the adder.
The adder is severely wounded.
The adder bites you but does no damage. The gnoll hits you but does no damage.
The adder misses you.
The gnoll hits you from afar with a +0 spear.
There are monsters nearby!
You hit the adder but do no damage.
The adder is severely wounded.
The adder bites you but does no damage. The gnoll barely misses you.
You miss the adder.
The adder is severely wounded.
The adder closely misses you. The gnoll barely misses you. The adder bites you.
You are poisoned.
The adder poisons you!
You closely miss the adder.
The adder is severely wounded.
You feel sick. The adder bites you but does no damage.
The gnoll hits you from afar with a +0 spear.
You closely miss the adder.
The adder is severely wounded.
You feel sick. The adder bites you.
You are more poisoned.
The adder poisons you! The gnoll closely misses you.
The adder bites you but does no damage.
You hit the adder.
The adder is almost dead.
You feel sick.
The gnoll hits you from afar with a +0 spear.
* * * LOW HITPOINT WARNING * * *
The adder closely misses you.
Okay, then.
* * * LOW HITPOINT WARNING * * *
You feel sick.
Something unseen opens the door.
The adder bites you.
* * * LOW HITPOINT WARNING * * *
It was a potion of degeneration.
There was something very wrong with that liquid.
You feel weakened.
You feel dopey.
You feel clumsy.
You die...

..# ....# ############....###
#.#.#.#.#.#.....#.# ###
#.#.#.#.#.#.#.#.#
..#+#.#.#.#.#.#.#g# #..
#.#.#.#.#.#S#
###...+#.#.#.#.#@#.#
......#.#.#.#.#.#.#g#
.....#.#.#†#.#.#.#'#..
....#.#.#.#.#.#.#..g#.#
.###.#.#.#.#.#.#....+#.#
.##.#.#.#.#.#.#.#...# #.#
.###.#.#.#.#.#w#....)# #.
....#.#.#.#.#.#.#.#.#.# #....
.###.#.#.#.#.#.#.#.#.#.#.....


You could see 2 gnolls and an adder.

Vanquished Creatures
  An adder (D:2)
  2 worms
  3 dart slugs
  4 ball pythons
  5 bats
  3 endoplasms
  2 giant cockroaches
  A goblin (D:1)
  2 hobgoblins
  A kobold (D:1)
  4 quokkas
  3 frilled lizards
  5 rats
36 creatures vanquished.

Notes
Turn   | Place    | Note
-------+----------+-------------------------------------------
     0 | Abyss:1  | kae the Demonspawn Abyssal Knight began the quest for the
                  | Orb.
     0 | Abyss:1  | Reached XP level 1. HP: 18/18 MP: 2/2
     3 | Abyss:1  | Found an iron altar of Okawaru.
    24 | Abyss:1  | Noticed a large abomination
    43 | D:1      | Escaped the Abyss
   429 | D:1      | Gained mutation: You are partially covered in razor-sharp
                  | scales. (AC +1, Slay +1) [demonic ancestry]
   429 | D:1      | Reached XP level 2. HP: 24/24 MP: 3/3
   450 | D:1      | Identified the Handbook of Confrontation
   732 | D:1      | Found Umehaetu's Weapon Boutique.
  1070 | D:2      | Found a faded altar of an unknown god.
  1086 | D:2      | Reached ** piety under Lugonu
  1087 | D:2      | Reached XP level 3. HP: 26/30 MP: 4/4
  1603 | D:2      | Found a hazy altar of Hepliaklqana.
  2412 | D:3      | Succumbed to an adder's poison

Illustrated notes

Levels and vault maps discovered:
D:1:      elethiomel_arrival_quiet, layout_basic, serial_shops, shop,
          minmay_pentomino_t2
D:2:      layout_basic, chequers_ecumenical_altar_island, basic_altar
D:3:      layout_basic

Skill      XL: |  1 |
---------------+----+-----
Long Blades    | 2 |  2.9
Fighting       | |  3.9
Armour         | |  1.7
Dodging        | |  0.8
Invocations    | |  2.4

Action                   || total
-------------------------++-------
Melee: Falchion          ||   104
  Use: Scroll            ||     6
       Potion            ||     1
 Stab: Sleeping          ||     1
Armor: Leather armour    ||    44
Dodge: Dodged            ||    75
       Rpst.: Falchion   ||    17

Table legend: (Time is in decaauts)
 A = Elapsed time spent in this place.
 B = Non-inter-level travel time spent in this place.
 C = Inter-level travel time spent in this place.
 D = Time resting spent in this place.
 E = Time spent auto-exploring this place.
 F = Levels seen in this place.
 G = Mean time per level.
                   A        B        C        D        E       F      G
               +--------+--------+--------+--------+--------+-----+--------+
         Total |   2434 |   2418 |     16 |    125 |   2005 |   4 |  608.5 |
       Dungeon |   2391 |   2375 |     16 |    125 |   2000 |   3 |  797.0 |
         Abyss |     43 |     43 |      0 |      0 |      5 |   1 |   43.0 |
               +--------+--------+--------+--------+--------+-----+--------+

Top non-repeatable levels by time:
     D:2: 934 daAuts
     D:1: 886 daAuts
     D:3: 570 daAuts
 Abyss:1: 43 daAuts
